cohdb
Replays
Latest Replays
All Replays
Popular Replays
Top Player Replays
Match Explorer
How It Works
Community
CoH3 Stats
Reddit
Sign in to upload your games and track your stats! →
Sign in with Steam
Match 38039503
Unlisted
Match 38039503
Overview
Messages
Build Orders
End
Kradschützen Motorcycle Team
Selects Italian Combined Arms Battlegroup
Selects Bersaglieri Squad
Bersaglieri Squad
250 Light Carrier
Bersaglieri Squad
Construct Light Support Kompanie
2.5-tonne Medical Truck
Panzerjäger Squad
Fire Support Elements
Selects Semovente da 75/18 Assault Gun
Semovente da 75/18 Assault Gun
Selects Bersaglieri Bolster
le.IG 18 Support Gun Team
Pak 38 Anti-tank Gun Team
Panzerjäger Squad
Selects Breda Model 30 Light Machine Guns
Panzerjäger Squad
Construct Mechanized Kompanie
Dat Guy
-NomaD
[GG]Onkel Stonkel
[GG]Quiq
0
0
Comments
sign in to comment!
No comments posted yet!